 Seeded DCSS version 0.29-a0-360-g8ed1089bbe (webtiles) character file.

Game seed: 3835982142597306518 (custom seed)

55 donath the Grasshopper (level 3, -1/32 HPs)
             Began as a Naga Warper on Apr 29, 2022.
             Slain by a gnoll
             ... wielding a +0 flail
              (6 damage)
             ... on level 3 of the Dungeon.
             The game lasted 00:12:13 (2419 turns).

donath the Grasshopper (Naga Warper)                Turns: 2419, Time: 00:12:14

Health: -1/32      AC:  3    Str: 13    XL:     3   Next: 93%
Magic:  4/6        EV:  5    Int: 15    God:
Gold:   84         SH:  0    Dex: 10    Spells: 1/6 levels left

rFire   . . .      SeeInvis +   k - +0 whip
rCold   . . .      Faith    .   (no shield)
rNeg    . . .      Spirit   .   b - +0 leather armour
rPois   +          Reflect  .   (no helmet)
rElec   .          Harm     .   h - +0 cloak
rCorr   .          Rampage  .   (no gloves)
Will    .....                   (no barding)
Stlth   ++........              (no amulet)
HPRegen 0.10/turn               (no ring)
MPRegen 0.10/turn               (no ring)

@: held, very slow
A: AC +1, large, see invisible, deformed body, poison resistance, slowness 2,
spit poison 1, naga tail 1
a: Spit Poison


You were on level 3 of the Dungeon.
You visited 1 branch of the dungeon, and saw 3 of its levels.

You collected 84 gold pieces.

Inventory:

Hand Weapons
 a - a +0 mace
 k - a +0 whip (weapon)
 v - a +0 hand axe
Missiles
 d - 7 boomerangs of dispersal
 i - 2 curare-tipped darts (quivered)
 l - 67 stones
 t - 2 poisoned darts
Armour
 b - a +0 leather armour (worn)
 h - a +0 cloak (worn)
 j - a +0 ring mail
Jewellery
 n - an amulet of faith
Scrolls
 c - a scroll of blinking
 f - a scroll of enchant armour {unknown}
 g - a scroll of fear {unknown}
 m - a scroll of magic mapping {unknown}
 p - 2 scrolls of identify
 r - a scroll of vulnerability {unknown}
 s - a scroll of amnesia {unknown}
 w - a scroll of immolation {unknown}
 x - a scroll of teleportation {unknown}
 y - a scroll of fog {unknown}
Potions
 e - a potion of might
 o - 2 potions of degeneration {unknown}
 q - a potion of ambrosia {unknown}
 u - a potion of mutation {unknown}
 z - a potion of curing {unknown}


   Skills:
 - Level 2.0 Fighting
 * Level 3.0 Maces & Flails
 - Level 1.0 Throwing
 - Level 0.7 Armour
 - Level 1.5 Dodging
 + Level 2.0 Stealth
 - Level 2.1 Spellcasting
 - Level 3.2 Translocations
 * Level 0.4 Transmutations
 - Level 0.2 Air Magic
 + Level 1.2 Poison Magic


You had one spell level left.
You knew the following spells:

 Your Spells              Type           Power      Damage    Failure   Level
a - Blink                 Tloc           22%        N/A       12%         2
b - Sting                 Tmut/Pois      16%        1d3       21%         1
c - Poisonous Vapours     Pois/Air       6%         N/A       30%         2

Your spell library contained the following spells:

 Spells                   Type           Power      Damage    Failure   Level
 Gell's Gravitas          Tloc           11%        N/A       22%         3
 Lesser Beckoning         Tloc           11%        N/A       22%         3
 Teleport Other           Tloc           11%        N/A       22%         3
 Olgreb's Toxic Radiance  Pois           5%         N/A       86%         4
 Manifold Assault         Tloc           11%        N/A       91%         5


Dungeon Overview and Level Annotations

Branches:
Dungeon (3/15)

Altars:


Innate Abilities, Weirdness & Mutations

Your serpentine skin is tough. (AC +1)
You have supernaturally acute eyesight. (SInv)
Armour fits poorly on your strangely shaped body.
Your system is resistant to poisons. (rPois)
You cover ground very slowly.
You can spit poison.
You have a snake-like lower body.


Message History

The ball python bites you. The ball python misses you.
The ball python bites you.
The ball python attacks as you move away!
The ball python barely misses you.
The ball python attacks as you move away!
The ball python bites you. The ball python completely misses you.
The ball python bites you but does no damage.
You hit the ball python.
You kill the ball python!
Throw: 4 darts (curare)
Press: ? - help, Q - select action, (/) - cycle Shift-Dir - straight line, f - gnoll
Aim: a gnoll, wielding a +0 flail (60% to hit)
You throw a curare-tipped dart.
The curare-tipped dart barely misses the gnoll.
The curare-tipped dart closely misses the gnoll.
Throw: 3 darts (curare)
Press: ? - help, Q - select action, (/) - cycle Shift-Dir - straight line, f/p - gnoll
Aim: a gnoll, wielding a +0 flail (60% to hit)
You throw a curare-tipped dart.
The curare-tipped dart barely misses the gnoll.
The curare-tipped dart barely misses the gnoll.
Casting: Blink (safe; 12% risk of failure)
Confirm with . or Enter, or press ? or * to list all spells.
You blink. 2 gnolls come into view.
A gnoll is wielding a +1 whip of flaming.
The gnoll shouts! x2
A hobgoblin comes into view.
The gnoll throws a throwing net.
The throwing net hits you.
You become entangled in the net!
The gnoll hits you with a +2 whip of electrocution.
You are electrocuted!
You see here a throwing net.
You struggle against the net.
The gnoll barely misses you.
The gnoll hits you with a +2 whip of electrocution!
* * * LOW HITPOINT WARNING * * *
You struggle against the net.
You feel stable enough to blink again. The gnoll barely misses you.
The gnoll hits you with a +0 flail.
You die...

.... #......
#....##.....#
#.....[.....#
#...........#
#...........#
#..(........#
#........g..#
#.......g...#
#.......g@..#
#....###g#.##
#......#g#.#
#.!...<#.#.#
#(...###.#.#
#(....g..#.#
.....########.#
..... .# .####


You could see 4 gnolls and a hobgoblin.

Vanquished Creatures
  2 worms (D:2)
  A dart slug (D:2)
  3 ball pythons
  5 endoplasms
  2 giant cockroaches (D:2)
  2 goblins
  3 hobgoblins (D:2)
  6 jackals (D:1)
  3 kobolds (D:1)
  4 quokkas
  6 bats
  2 frilled lizards
  4 rats
43 creatures vanquished.

Notes
Turn   | Place    | Note
-------+----------+-------------------------------------------
     0 | D:1      | donath the Naga Warper began the quest for the Orb.
     0 | D:1      | Reached XP level 1. HP: 19/19 MP: 3/3
   429 | D:1      | Reached XP level 2. HP: 25/26 MP: 5/5
   465 | D:1      | Reached skill level 1 in Stealth
   772 | D:1      | Learned a level 2 spell: Blink
   775 | D:1      | Learned a level 2 spell: Poisonous Vapours
   782 | D:1      | Found a faded altar of an unknown god.
   993 | D:1      | Reached skill level 1 in Throwing
   993 | D:1      | Reached XP level 3. HP: 32/32 MP: 6/6
  1000 | D:1      | Reached skill level 1 in Poison Magic
  1662 | D:2      | Learned a level 1 spell: Sting
  2419 | D:3      | Slain by a gnoll

Illustrated notes

Levels and vault maps discovered:
D:1:      minmay_arrival_open_corners, layout_rooms, serial_curves,
          eino_curves_02, eino_curves_02, shapermc_ecumenical_altar_petra
D:2:      layout_loops_cross, minmay_surrounded
D:3:      minmay_razor_zed, layout_basic, portal_sewer_entry_a

Skill      XL: |  1  2  3 |
---------------+----------+-----
Stealth        | 2 |  2.0
Throwing       | 1 |  1.0
Poison Magic   | 1 |  1.2
Maces & Flails | 3 |  3.0
Fighting       | |  2.0
Armour         | |  0.7
Dodging        | |  1.5
Spellcasting   | |  2.1
Translocations | |  3.2
Transmutations | |  0.4
Air Magic      | |  0.2

Action                   || total
-------------------------++-------
Melee: Mace              ||    57
       Whip              ||    96
       Punch             ||     1
Throw: Stone             ||     4
       Dart              ||     3
 Cast: Blink             ||     2
  Use: Scroll            ||     1
 Stab: Sleeping          ||     2
Armor: Leather armour    ||    60
Dodge: Dodged            ||    81

Table legend: (Time is in decaauts)
 A = Elapsed time spent in this place.
 B = Non-inter-level travel time spent in this place.
 C = Inter-level travel time spent in this place.
 D = Time resting spent in this place.
 E = Time spent auto-exploring this place.
 F = Levels seen in this place.
 G = Mean time per level.
                   A        B        C        D        E       F      G
               +--------+--------+--------+--------+--------+-----+--------+
         Total |   2926 |   2855 |     71 |      0 |   2040 |   3 |  975.3 |
       Dungeon |   2926 |   2855 |     71 |      0 |   2040 |   3 |  975.3 |
               +--------+--------+--------+--------+--------+-----+--------+

Top non-repeatable levels by time:
     D:2: 1539 daAuts
     D:1: 1363 daAuts
     D:3: 23 daAuts
